 Dungeon Crawl Stone Soup version 0.31-a0-835-g2a3a5bc3be (webtiles) character file.

Game seed: 10123204063806392826

18893 CrazyBamboolord the Geomancer (level 12, -1/73 HPs)
             Began as a Gargoyle Earth Elementalist on Sept 26, 2023.
             Was an Elder of Vehumet.
             Slain by a redback (9 damage)
             ... on level 3 of the Lair of Beasts.
             The game lasted 00:29:34 (12997 turns).

CrazyBamboolord the Geomancer (GrEE)               Turns: 12997, Time: 00:29:34

Health: -1/73      AC: 17    Str: 18    XL:     12   Next: 63%
Magic:  23/23      EV: 14    Int: 31    God:    Vehumet [****..]
Gold:   756        SH:  0    Dex: 10    Spells: 6/26 levels left

rFire   . . .        g - staff of earth
rCold   + . .        (no shield)
rNeg    + . .        D - +0 steam dragon scales
rPois   ∞            t - +0 helmet
rElec   +            r - +1 cloak
rCorr   .            f - +0 pair of gloves
SInv    .            (no boots)
Will    .....        v - amulet of regeneration
Stlth   +++          q - ring of Yredelemnul's Delight {rC+ Str+4 Int+6}
HPRegen 1.12/turn    C - +6 ring of intelligence
MPRegen 0.18/turn

%: no passive effects
@: no status effects
A: sickness immunity, AC +8, negative energy resistance 1, electricity
resistance, torment resistance 1, petrification resistance
a: Renounce Religion


You were on level 3 of the Lair of Beasts.
You worshipped Vehumet.
Vehumet was greatly pleased with you.
You visited 3 branches of the dungeon, and saw 13 of its levels.
You also visited: Ossuary.

You collected 756 gold pieces.

Inventory:

Missiles
 I - 3 throwing nets
Armour
 f - a +0 pair of gloves (worn)
 r - a +1 cloak (worn)
 t - a +0 helmet (worn)
 D - +0 steam dragon scales (worn)
Magical Staves
 g - a staff of earth (weapon)
Jewellery
 q - the ring of Yredelemnul's Delight (left hand) {rC+ Str+4 Int+6}
   (You found it on level 3 of the Dungeon)

   [ring of intelligence]

   Str+4:     It affects your strength (+4).
   Int+6:     It affects your intelligence (+6).
   rC+:       It protects you from cold.
 v - an amulet of regeneration (around neck)
 C - a +6 ring of intelligence (right hand)
 G - a ring of protection from fire
 H - a ring of positive energy
Wands
 a - a wand of light (11)
Scrolls
 h - 2 scrolls of amnesia
 i - 4 scrolls of teleportation
 m - a scroll of butterflies
 n - 4 scrolls of fear
 o - 5 scrolls of enchant armour
 x - 2 scrolls of enchant weapon
 y - a scroll of silence {unknown}
 B - a scroll of immolation {unknown}
 E - a scroll of blinking
 J - 2 scrolls of revelation {unknown}
 K - a scroll of identify
Potions
 b - 2 potions of magic
 c - 5 potions of cancellation
 d - 4 potions of brilliance
 e - 2 potions of lignification
 j - 2 potions of attraction
 k - 2 potions of enlightenment {unknown}
 l - 3 potions of haste
 p - 2 potions of heal wounds
 s - 2 potions of resistance {unknown}
 u - 3 potions of mutation {unknown}
 w - 2 potions of ambrosia
 z - a potion of berserk rage {unknown}
 A - 3 potions of curing {unknown}
 F - a potion of might {unknown}


   Skills:
 * Level 7.6 Fighting
 * Level 8.3 Dodging
 - Level 5.0 Stealth
 + Level 7.8 Spellcasting
 + Level 8.1 Conjurations
 - Level 4.0 Transmutations
 - Level 7.0 Ice Magic
 + Level 10.8 Earth Magic


You had 6 spell levels left.
You knew the following spells:

 Your Spells              Type           Power      Damage    Failure   Level
a - Sandblast             Erth           100%       2d20      1%          1
b - Passwall              Tmut/Erth      60%        N/A       1%          2
c - Stone Arrow           Conj/Erth      100%       3d13      1%          3
d - Brom's Barrelling Bo  Conj/Erth      82%        2d9       1%          4
e - Petrify               Tmut/Erth      72%        N/A       1%          4
f - Hailstorm             Conj/Ice       56%        3d12      1%          3
g - Ozocubu's Armour      Ice            53%        N/A       1%          3

Your spell library contained the following spells:

 Spells                   Type           Power      Damage    Failure   Level
 Olgreb's Toxic Radiance  Pois           12%        N/A       11%         4
 Irradiate                Conj/Tmut      24%        3d19      2%          5
 Apportation              Tloc           24%        N/A       4%          1
 Necrotise                Necr           48%        1d6       4%          1
 Summon Small Mammal      Summ           48%        N/A       4%          1
 Leda's Liquefaction      Hex/Erth       31%        N/A       4%          4
 Summon Ice Beast         Ice/Summ       33%        N/A       10%         4
 Call Canine Familiar     Summ           12%        N/A       12%         3
 Gell's Gravitas          Tloc           12%        N/A       12%         3
 Sigil of Binding         Hex            12%        N/A       12%         3
 Teleport Other           Tloc           12%        N/A       12%         3
 Vampiric Draining        Necr           12%        2d6       12%         3
 Metabolic Englaciation   Hex/Ice        16%        N/A       26%         5
 Dimensional Bullseye     Hex/Tloc       6%         N/A       38%         4
 Agony                    Necr           12%        N/A       75%         5
 Simulacrum               Ice/Necr       16%        N/A       83%         6
 Dispersal                Tloc           6%         N/A       99%         6
 Sublimation of Blood     Necr           Unusable   N/A       N/A         2

Dungeon Overview and Level Annotations

Branches:
Dungeon (9/15)             Temple (1/1) D:4            Lair (3/5) D:9
  Swamp (0/4) Lair:2       Spider (0/4) Lair:3      Ossuary (visited)
    Orc: D:9-12

Altars:
Ashenzari
Cheibriados
Dithmenos
Elyvilon
Fedhas
Gozag
Hepliaklqana
Kikubaaqudgha
Makhleb
Nemelex Xobeh
Okawaru
Qazlal
Ru
Sif Muna
Trog
Uskayaw
Vehumet
Wu Jian
Xom
Yredelemnul
Zin
The Shining One
Lugonu

Portals:
Abyss: D:5 Lair:1

Annotations:
D:5 2 transporters, Tinttamiau's ghost, novice DjFE
Lair:2 2 transporters, Mindmass's ghost, journeyman HuCj


Innate Abilities, Weirdness & Mutations

You are immune to sickness and miasma.
Your stone body is resilient. (AC +8)
You are immune to poison.
You resist negative energy. (rN+)
You are resistant to electric shocks. (rElec)
You are resistant to unholy torment.
You are immune to petrification.


Message History

The redback bites you.
The pharaoh ant bites you but does no damage.
The redback bites you. The pharaoh ant closely misses you.
You hit the pharaoh ant but do no damage.
Your punch misses the pharaoh ant.
The pharaoh ant is severely damaged.
The redback barely misses you.
The pharaoh ant bites you but does no damage.
The redback bites you.
You hit the pharaoh ant.
You shatter the pharaoh ant!
The pharaoh ant is almost destroyed.
The pharaoh ant closely misses you. The redback bites you.
The pharaoh ant bites you but does no damage.
The redback barely misses you.
You barely miss the pharaoh ant.
The pharaoh ant is almost destroyed.
The pharaoh ant bites you!! The redback closely misses you.
The pharaoh ant bites you!!
* * * LOW HITPOINT WARNING * * *
You are too injured to fight recklessly!
Unknown command.
You are too injured to fight recklessly!
You are too injured to fight recklessly!
Unknown command.
You are too injured to fight recklessly!
Unknown command.
The redback bites you but does no damage.
The pharaoh ant attacks as it pursues you!
The pharaoh ant bites you but does no damage.
The pharaoh ant bites you!
* * * LOW HITPOINT WARNING * * *
You feel much better. The redback bites you!
* * * LOW HITPOINT WARNING * * *
The pharaoh ant barely misses you. The redback completely misses you.
The pharaoh ant attacks as it pursues you!
The pharaoh ant barely misses you. Magic courses through your body.
The pharaoh ant bites you!
* * * LOW HITPOINT WARNING * * *
The redback bites you!
You die...

## .. #. .#.......#.# .##
... #. ....>..... ..##.#
.#.. #.......#.# .....
.....#.....#.#.# ...# .
.#...#.....?...# ...###..
.....†..##.....
......>.....##....#...#
......... ###Bs...##..
.........#### #.@#.......
.###.##P.P#P####..###...
.####...P.P.##......#...
..#.....................
............)#.#.##.#.P.#
.........#....##..### .##
............####.## #
......PP..#.###..#
.................#


You could see a pharaoh ant and a redback.

Vanquished Creatures
  Nessos (Lair:3)
  Harold (D:9)
  Erolcha (D:9)
  2 bog bodies (Lair:2)
  3 cane toads
  2 komodo dragons
  Prince Ribbit (Lair:2)
  A polar bear (Lair:3)
  A hornet (D:7)
  4 dream sheep (Lair:3)
  11 blink frogs
  Sigmund (D:3)
  4 wyverns
  29 yaks
  A basilisk (Lair:1)
  4 hogs (D:8)
  A human (D:8)
  A redback (Lair:3)
  3 steam dragons
  Edmund (D:5)
  An acid dragon (D:9)
  8 water moccasins
  An ice beast (D:8)
  2 orc warriors
  4 ogres
  3 sky beasts (D:7)
  4 wolves (Lair:2)
  2 phantoms
  3 kobold brigands (D:9)
  7 bullfrogs
  3 scorpions
  11 wights
  3 killer bees (D:9)
  6 howler monkeys
  A crimson imp (D:7)
  A centaur zombie (Ossuary)
  A human zombie (Ossuary)
  A hound (D:4)
  4 jellies
  3 orc priests
  2 sleepcaps
  Crazy Yiuf (D:3)
  8 orc wizards
  4 mummies
  6 adders
  2 white imps
  A worm (D:4)
  3 dart slugs
  20 orcs
  2 bats
  4 endoplasms
  A giant cockroach (D:3)
  A gnoll zombie (Ossuary)
  7 goblins
  5 hobgoblins
  3 jackals (D:5)
  4 quokkas
  6 ball pythons
  5 frilled lizards
  3 goblin zombies (Ossuary)
  2 hobgoblin zombies (Ossuary)
  14 kobolds
  6 rats
  2 lurking horrors (Lair:1)
254 creatures vanquished.

Vanquished Creatures (collateral kills)
  3 boulders (D:9)
3 creatures vanquished.

Vanquished Creatures (others)
  3 boulders (D:9)
  A lurking horror (Lair:1)
4 creatures vanquished.

Grand Total: 261 creatures vanquished

Notes
Turn   | Place    | Note
-------+----------+-------------------------------------------
     0 | D:1      | CrazyBamboolord the Gargoyle Earth Elementalist began the
                  | quest for the Orb.
     0 | D:1      | Reached XP level 1. HP: 10/10 MP: 3/3
   191 | D:1      | Found a faded altar of an unknown god.
   345 | D:1      | Reached XP level 2. HP: 15/15 MP: 3/5
  1082 | D:2      | Found a snail-covered altar of Cheibriados.
  1394 | D:2      | Reached skill level 1 in Transmutations
  1394 | D:2      | Reached XP level 3. HP: 20/20 MP: 4/6
  1506 | D:2      | Reached skill level 4 in Earth Magic
  1509 | D:2      | Learned a level 2 spell: Passwall
  1779 | D:3      | Noticed Sigmund
  1785 | D:3      | Killed Sigmund
  1786 | D:3      | Reached skill level 1 in Fighting
  1786 | D:3      | Reached skill level 1 in Conjurations
  1786 | D:3      | Reached XP level 4. HP: 13/25 MP: 2/8
  1786 | D:3      | Reached XP level 5. HP: 15/29 MP: 2/9
  1943 | D:3      | Found an iron altar of Okawaru.
  2218 | D:3      | Identified the ring of Yredelemnul's Delight {rC+ Str+4
                  | Int+6}
  2257 | D:3      | Found a runed translucent door.
  2262 | D:3      | Noticed Crazy Yiuf
  2269 | D:3      | Killed Crazy Yiuf
  2270 | D:3      | Reached XP level 6. HP: 5/34 MP: 6/10
  3127 | D:4      | You fall into a shaft and drop 1 floor!
  3127 | D:5      | Entered Level 5 of the Dungeon
  3140 | D:5      | Reached skill level 5 in Earth Magic
  3437 | D:4      | Found a staircase to the Ecumenical Temple.
  3452 | Temple   | Entered the Ecumenical Temple
  3463 | Temple   | Became a worshipper of Vehumet
  3480 | D:4      | Learned a level 3 spell: Stone Arrow
  3520 | D:4      | Reached XP level 7. HP: 40/40 MP: 7/12
  3900 | D:5      | Found a transporter.
  3994 | D:5      | Found a transporter.
  4004 | D:5      | Noticed a small abomination
  4006 | D:5      | Noticed Tinttamiau's ghost (novice DjFE)
  4019 | D:5      | Noticed Edmund
  4020 | D:5      | Noticed an ancient zyme
  4026 | D:5      | Killed Edmund
  4124 | D:5      | Found a glowing golden altar of the Shining One.
  4293 | D:5      | Reached skill level 6 in Earth Magic
  4293 | D:5      | Reached XP level 8. HP: 45/45 MP: 10/14
  4468 | D:5      | Found a one-way gate to the infinite horrors of the Abyss.
  4611 | D:6      | Found a sand-covered staircase.
  4620 | Ossuary  | Entered an ossuary
  4696 | Ossuary  | Reached * piety under Vehumet
  4696 | Ossuary  | Offered knowledge of Foxfire by Vehumet.
  5038 | D:6      | Found a basalt altar of Yredelemnul.
  5099 | D:6      | Reached skill level 7 in Earth Magic
  5127 | D:6      | Reached XP level 9. HP: 51/51 MP: 13/16
  5132 | D:6      | Learned a level 4 spell: Brom's Barrelling Boulder
  5195 | D:6      | Reached skill level 5 in Spellcasting
  5677 | D:7      | Reached skill level 5 in Stealth
  5683 | D:7      | Offered knowledge of Momentum Strike by Vehumet.
  5685 | D:7      | Reached ** piety under Vehumet
  6073 | D:7      | Noticed a hornet
  6077 | D:7      | Killed a hornet
  6078 | D:7      | Reached skill level 5 in Dodging
  6084 | D:7      | Reached skill level 8 in Earth Magic
  6228 | D:7      | Learned a level 4 spell: Petrify
  6232 | D:7      | Learned a level 3 spell: Hailstorm
  6928 | D:8      | Reached skill level 1 in Ice Magic
  7023 | D:8      | Reached XP level 10. HP: 58/58 MP: 14/19
  7094 | D:8      | Found an ancient bone altar of Kikubaaqudgha.
  7205 | D:8      | Reached skill level 5 in Conjurations
  7402 | D:8      | Found a snail-covered altar of Cheibriados.
  7432 | D:8      | Found an opulent altar of Gozag.
  7660 | D:8      | Learned a level 3 spell: Ozocubu's Armour
  7739 | D:9      | Reached skill level 5 in Fighting
  7973 | D:9      | Noticed Erolcha
  7980 | D:9      | Killed Erolcha
  8126 | D:9      | Found a staircase to the Lair.
  8255 | D:9      | Offered knowledge of Dazzling Flash by Vehumet.
  8461 | D:9      | Reached XP level 11. HP: 63/63 MP: 18/21
  8480 | D:9      | Reached *** piety under Vehumet
  8545 | D:9      | Reached skill level 9 in Earth Magic
  8756 | D:9      | Noticed Harold
  8762 | D:9      | Killed Harold
  8919 | D:9      | Reached skill level 5 in Ice Magic
  9405 | Lair:1   | Entered Level 1 of the Lair of Beasts
  9408 | Lair:1   | Identified the +5 long sword "Elevungo" {venom, Fragile
                  | rCorr Str+3}
  9551 | Lair:1   | Offered knowledge of Sticky Flame by Vehumet.
 10000 | Lair:1   | Found a corrupted altar of Lugonu.
 10395 | Lair:2   | Found a transporter.
 10395 | Lair:2   | Found a transporter.
 10398 | Lair:2   | Noticed Mindmass's ghost (journeyman HuCj)
 10399 | Lair:2   | Reached skill level 10 in Earth Magic
 11048 | Lair:2   | Reached XP level 12. HP: 36/69 MP: 12/22
 11211 | Lair:2   | Reached **** piety under Vehumet
 11386 | Lair:2   | Found a staircase to the Swamp.
 11751 | Lair:2   | Noticed Prince Ribbit
 11757 | Lair:2   | Killed Prince Ribbit
 11757 | Lair:2   | Offered knowledge of Olgreb's Toxic Radiance by Vehumet.
 12822 | Lair:3   | Noticed Nessos
 12846 | Lair:3   | Killed Nessos
 12975 | Lair:3   | Found a hole to the Spider Nest.
 12994 | Lair:3   | HP: 3/73 [pharaoh ant (15)]
 12997 | Lair:3   | Slain by a redback

Illustrated notes

Levels and vault maps discovered:
D:1:      spicycebolla_arrival_transporter_tutorial, layout_basic,
          shapermc_ecumenical_altar_acropolis, minmay_pentomino_t4
D:2:      layout_basic, basic_altar, minmay_curled_crystal
D:3:      layout_loops_corners, mainiacjoe_overflow_paths, kennysheep_donut,
          nrook_loot_triangle, minmay_large_rounded_square, uniq_sigmund,
          uniq_crazy_yiuf_cottage
D:4:      layout_basic, temple_statues
D:5:      layout_loops_cross, mainiacjoe_overflow_catwalk,
          gammafunk_ghost_abyssal_escape, uniq_edmund
D:6:      layout_loops_ring, mainiacjoe_overflow_alcove_4,
          gup_ossuary_entry_pyramid
D:7:      layout_loops_cross, chequers_serial_rivers_small_3,
          chequers_serial_rivers_large_a, minmay_fire_ice_demons
D:8:      layout_rooms, old_standard_altar, mainiacjoe_overflow_two_lobes,
          grunt_livestock
D:9:      layout_basic, lair_entry_dummy, uniq_erolcha, uniq_harold
Temple:   eino_temple_rhombus
Lair:1:   layout_long_grid, amcnicky_altar_lugonu_corruption
Lair:2:   layout_concentric_octagons, skrybe_swamp_entry_bodies,
          gammafunk_ghost_hive, serial_bayou_lagoon_b, uniq_prince_ribbit2
Lair:3:   layout_loops_ring, nicolae_spider_entry_lesser_pyramids, uniq_nessos

Skill      XL: |  1  2  3  4  5  6  7  8  9 10 11 12 |
---------------+-------------------------------------+-----
Transmutations | 1 2 3 4 |  4.0
Dodging        | 2 3 4 5 6 7 8 |  8.3
Earth Magic    | 4 5 6 7 8 10 | 10.8
Fighting       | 1 2 3 4 5 7 |  7.6
Conjurations   | 1 2 3 4 6 7 8 |  8.1
Stealth        | 3 4 5 |  5.0
Spellcasting   | 3 4 6 7 |  7.8
Ice Magic      | 1 4 7 |  7.0

Action                     |  1- 3 |  4- 6 |  7- 9 | 10-12 || total
---------------------------+-------+-------+-------+-------++-------
  Melee: Unarmed           |     6 |       |       |       ||     6
         Staff             |     3 |       |    12 |   217 ||   232
         Punch             |       |       |       |     7 ||     7
   Cast: Sandblast         |    26 |    41 |   107 |    16 ||   190
         Stone Arrow       |       |       |    28 |   230 ||   258
         Brom's Barrelling |       |       |       |     7 ||     7
         Hailstorm         |       |       |       |     4 ||     4
         Petrify           |       |       |       |     2 ||     2
         Ozocubu's Armour  |       |       |       |     1 ||     1
  Evoke: Wand              |       |       |       |     2 ||     2
    Use: Scroll            |       |     1 |    12 |     2 ||    15
         Potion            |       |       |       |     2 ||     2
   Stab: Petrified         |       |       |       |     4 ||     4
 Armour: Robe              |     4 |     6 |    29 |       ||    39
         Steam dragon scal |       |       |     3 |   285 ||   288
  Dodge: Dodged            |     9 |     4 |    45 |   272 ||   330

Table legend: (Time is in decaauts)
 A = Elapsed time spent in this place.
 B = Non-inter-level travel time spent in this place.
 C = Inter-level travel time spent in this place.
 D = Time resting spent in this place.
 E = Time spent auto-exploring this place.
 F = Levels seen in this place.
 G = Mean time per level.
                   A        B        C        D        E       F      G
               +--------+--------+--------+--------+--------+-----+--------+
         Total |  13198 |  12799 |    399 |   1138 |   9663 |  14 |  942.7 |
       Dungeon |   9291 |   8981 |    310 |    547 |   7019 |   9 | 1032.3 |
        Temple |     22 |      2 |     20 |      0 |      0 |   1 |   22.0 |
          Lair |   3646 |   3578 |     68 |    558 |   2578 |   3 | 1215.3 |
       Ossuary |    237 |    237 |      0 |     33 |     65 |   1 |  237.0 |
               +--------+--------+--------+--------+--------+-----+--------+

Top non-repeatable levels by time:
     D:9: 1751 daAuts
  Lair:2: 1445 daAuts
  Lair:1: 1428 daAuts
     D:3: 1244 daAuts
     D:6: 1009 daAuts
     D:7: 972 daAuts
     D:8: 970 daAuts
     D:1: 900 daAuts
     D:2: 892 daAuts
     D:4: 854 daAuts
  Lair:3: 771 daAuts
     D:5: 696 daAuts
 Ossuary: 237 daAuts
  Temple: 22 daAuts
